 Dungeon Crawl Stone Soup version 0.31-a0-344-gd109795599 (webtiles) character file.

Game seed: 8931111858817922884

195 LeprechaunX the Ruffian (level 5, -1/34 HPs)
             Began as an Octopode Shapeshifter on July 21, 2023.
             Slain by an orc wizard
             ... wielding a +0 dagger of draining
              (3 damage)
             ... on level 4 of the Dungeon.
             The game lasted 00:02:54 (2427 turns).

LeprechaunX the Ruffian (Octopode Shapeshifter)     Turns: 2427, Time: 00:02:54

Health: -1/34      AC:  1    Str: 16    XL:     5   Next: 74%
Magic:  5/5        EV: 13    Int: 10    God:
Gold:   227        SH:  0    Dex: 13    Spells: 4/4 levels left

rFire   . . .        a - +2 dagger (speed)
rCold   . . .        (no shield)
rNeg    . . .        (helmet currently unavailable)
rPois   .            (no amulet)
rElec   .            (no ring)
rCorr   .            (no ring)
SInv    .            (no ring)
Will    .....        (no ring)
Stlth   ++           (no ring)
HPRegen 0.25/turn    (no ring)
MPRegen 0.09/turn    (no ring)
                     (no ring)

%: no passive effects
@: beast-form
A: beast (slay +2), almost no armour, amphibious, 8 rings, camouflage 1,
gelatinous body 1, (nimble swimmer 1), tentacles
a: Begin Untransformation


You were on level 4 of the Dungeon.
You were a hulking beast.
You visited 1 branch of the dungeon, and saw 4 of its levels.

You collected 227 gold pieces.

Inventory:

Hand Weapons
 a - a +2 dagger of speed (weapon)
Armour
 n - a +0 buckler
Jewellery
 q - a ring of fire
Talismans
 b - a beast talisman
Scrolls
 c - 5 scrolls of identify {unknown}
 f - a scroll of teleportation {unknown}
 g - 2 scrolls of fear {unknown}
 j - a scroll of enchant weapon {unknown}
 k - a scroll of noise {unknown}
Potions
 d - a potion of lignification
 e - a potion of ambrosia {unknown}
 h - 2 potions of degeneration {unknown}
 i - a potion of mutation {unknown}
 l - a potion of attraction {unknown}
 m - a potion of curing {unknown}
 o - a potion of heal wounds {unknown}
 p - a potion of resistance {unknown}


   Skills:
 + Level 2.1 Fighting
 + Level 2.8 Dodging
 * Level 4.3 Unarmed Combat
 * Level 4.0 Shapeshifting


You had 4 spell levels left.
You didn't know any spells.
Your spell library contained the following spells:

 Spells                   Type           Power      Damage    Failure   Level
 Call Canine Familiar     Summ           0%         N/A       75%         3
 Portal Projectile        Hex/Tloc       0%         N/A       75%         3
 Leda's Liquefaction      Hex/Erth       0%         N/A       98%         4


Dungeon Overview and Level Annotations

Branches:
Dungeon (4/15)
 Temple: D:4-7

Altars:
Uskayaw
Xom


Innate Abilities, Weirdness & Mutations

You are a hulking beast.
Your limbs bulge with bestial killing power. (Slay +2)
You cannot wear most types of armour.
You are amphibious.
You can wear up to eight rings at the same time.
Your skin changes colour to match your surroundings (Stealth+).
Your rubbery body absorbs attacks. (AC +1, EV +1)
((You are camouflaged when in or above water. (Stealth+)))
You have tentacles for arms and can constrict up to eight enemies at once.


Message History

The scorpion zombie is lightly damaged.
You constrict the scorpion zombie. You hit the scorpion zombie.
The scorpion zombie is moderately damaged.
You constrict the scorpion zombie. The scorpion zombie hits you.
You hit the scorpion zombie.
The scorpion zombie is heavily damaged.
You constrict the scorpion zombie. The scorpion zombie hits you.
You puncture the scorpion zombie!
The scorpion zombie is severely damaged.
You constrict the scorpion zombie. The scorpion zombie hits you.
You hit the scorpion zombie.
You squeeze the scorpion zombie, but do no damage.
The scorpion zombie is almost destroyed.
You constrict the scorpion zombie.
You destroy the scorpion zombie!
Your Shapeshifting skill increases to level 4!
You start resting.
An orc comes into view. It is wielding a +0 short sword.
An orc comes into view. It is wielding a +0 trident.
The orc shouts!
You hear a shout! x2
An orc wizard comes into view. It is wielding a +0 dagger of draining.
The orc shouts!
You hear a shout!
An orc comes into view. It is wielding a +0 flail.
The orc completely misses you.
You hit the orc. You grab the orc. You squeeze the orc.
You kill the orc!
An orc comes into view. It is wielding a +0 dagger.
The orc misses you.
The orc moves out of view.
You see here a +0 short sword.
You barely miss the orc. You grab the orc. You constrict the orc.
The orc hits you with a +0 flail.
You hit the orc. You tentacle-slap the orc.
You kill the orc!
The orc wizard casts a spell at you. The puff of flame hits you!
* * * LOW HITPOINT WARNING * * *
A hobgoblin comes into view.
The orc wizard hits you with a +0 dagger of draining.
You die...

.... ...#
....# ....#
g....#
###.....#
#.oo.....
#h##o# # #
#)##.####.#
#.###o##.#...
#.##
#..P....P#.##
#...
##...~~.....#
#.#.####
#....~~~.....#
#.#.....
#....~~~.....#
#.#..###
#....~~~~....#
#.#..#
#.....≈......#
#.#..#


You could see an orc wizard, 2 orcs and a hobgoblin (wandering).

Vanquished Creatures
  A bullfrog skeleton (D:4)
  Terence (D:2)
  A scorpion zombie (D:4)
  Robin (D:2)
  2 adders
  An adder zombie (D:4)
  A worm (D:3)
  2 dart slugs (D:3)
  4 orcs
  2 bats (D:3)
  7 endoplasms
  4 giant cockroaches
  13 goblins
  9 hobgoblins
  7 kobolds
  3 quokkas
  5 ball pythons
  2 frilled lizards
  4 rats
70 creatures vanquished.

Notes
Turn   | Place    | Note
-------+----------+-------------------------------------------
     0 | D:1      | LeprechaunX the Octopode Shapeshifter began the quest for
                  | the Orb.
     0 | D:1      | Reached XP level 1. HP: 13/13 MP: 1/1
   280 | D:1      | Reached XP level 2. HP: 17/18 MP: 2/2
   839 | D:2      | Noticed Terence
   848 | D:2      | Killed Terence
   849 | D:2      | Reached XP level 3. HP: 7/23 MP: 3/3
  1116 | D:2      | Found a shimmering altar of Xom.
  1116 | D:2      | Noticed Robin
  1123 | D:2      | Killed Robin
  1124 | D:2      | Reached XP level 4. HP: 20/28 MP: 4/4
  1943 | D:3      | Reached XP level 5. HP: 34/34 MP: 5/5
  2082 | D:3      | Found a shimmering altar of Xom.
  2376 | D:4      | Noticed a +0 dagger
  2377 | D:4      | Noticed a +0 short sword
  2378 | D:4      | Noticed a +0 spear
  2378 | D:4      | Noticed a +0 short sword
  2378 | D:4      | Noticed a +0 falchion
  2379 | D:4      | Noticed a +0 spear
  2380 | D:4      | Noticed a +0 dagger
  2380 | D:4      | Noticed a +0 falchion
  2387 | D:4      | Found a hide-covered altar of Uskayaw.
  2427 | D:4      | Slain by an orc wizard

Illustrated notes

Levels and vault maps discovered:
D:1:      psy_arrival_fountain, layout_loops_ring, minmay_pentomino_r4
D:2:      layout_loops_ring, basic_altar, uniq_robin, uniq_terence
D:3:      layout_basic, tgw_xom
D:4:      layout_basic, nicolae_wu_jian_wuxing_cycle, nicolae_uskayaw_en_pointe,
          serial_undead, serial_undead_f, serial_undead_f, serial_undead_a,
          serial_undead_a, serial_undead_e, serial_undead_a, enter_ossuary_2,
          kennysheep_generic_room_16

Skill      XL: |  1  2  3  4  5 |
---------------+----------------+-----
Unarmed Combat | 4 |  4.3
Fighting       | 2 |  2.1
Shapeshifting  | 4 |  4.0
Dodging        | |  2.8

Action                     |  1- 3 |  4- 6 || total
---------------------------+-------+-------++-------
  Melee: Unarmed           |     9 |       ||     9
         Whip              |    43 |    26 ||    69
         Tentacles         |    13 |    12 ||    25
         Constrict         |    13 |    26 ||    39
         Punch             |     3 |     1 ||     4
         Dagger            |       |    57 ||    57
   Stab: Sleeping          |     2 |     9 ||    11
 Armour: Skin              |     3 |     3 ||     6
  Dodge: Dodged            |    30 |    27 ||    57

Table legend: (Time is in decaauts)
 A = Elapsed time spent in this place.
 B = Non-inter-level travel time spent in this place.
 C = Inter-level travel time spent in this place.
 D = Time resting spent in this place.
 E = Time spent auto-exploring this place.
 F = Levels seen in this place.
 G = Mean time per level.
                   A        B        C        D        E       F      G
               +--------+--------+--------+--------+--------+-----+--------+
         Total |   2411 |   2343 |     68 |     99 |   1859 |   4 |  602.8 |
       Dungeon |   2411 |   2343 |     68 |     99 |   1859 |   4 |  602.8 |
               +--------+--------+--------+--------+--------+-----+--------+

Top non-repeatable levels by time:
     D:2: 796 daAuts
     D:1: 790 daAuts
     D:3: 751 daAuts
     D:4: 73 daAuts
